 Dungeon Crawl Stone Soup version 0.7.1-15-g73f6e1f character file.

1583 schnippi the Grappler (level 8, 0/73 HPs)
             Began as a Troll Berserker on Aug 5, 2010.
             Was a High Priest of Trog.
             Slain by an orc warrior
             ... wielding a +0,+1 orcish war axe
              (22 damage)
             ... on Level 6 of the Dungeon.
             The game lasted 00:23:34 (4430 turns).

schnippi the Grappler (Troll Berserker)             Turns: 4430, Time: 00:23:34

HP   0/73        AC  6     Str 28 Exp: 8/1973 (2), need: 996
MP   2/2         EV 11     Int  3      God: Trog [*****.]
Gold 202         SH  0     Dex  9      Spells:  0 memorised,  7 levels left

Res.Fire  : . . .   See Invis. : .     - Unarmed
Res.Cold  : . . .   Warding    : .   b - +0 animal skin
Life Prot.: . . .   Conserve   : .   (shield restricted)
Res.Poison: .       Res.Corr.  : .   (helmet restricted)
Res.Elec. : .       Clarity    : .   e - +0 cloak Spirit.Shd: . Stasis : .
                                     (gloves unavailable)
Sust.Abil.: . .     Rnd.Telep. : .   (boots unavailable)
Res.Mut.  : .       Ctrl.Telep.: .   u - amulet of faith
Res.Rott. : .       Levitation : .   i - ring of regeneration
Gourmand  : +       Ctrl.Flight: .   q - ring of sustenance

@: exhausted, very slow, slowed, slightly resistant to hostile enchantments,
very unstealthy
A: unfitting armour, claws 3, fast metabolism 3, gourmand, regeneration 2,
saprovore 2, tough skin 2, AC +1
a: Burn Spellbooks, Berserk, Trog's Hand, Brothers in Arms, Renounce Religion


You were on level 6 of the Dungeon.
You worshipped Trog.
Trog was exalted by your worship.
You were very hungry.

You visited 2 branches of the dungeon, and saw 7 of its levels.

You collected 182 gold pieces.

Inventory:

Hand weapons
 g - a +0,+0 club (quivered)
Armour
 b - a +0 animal skin (worn)
 e - a +0 cloak (worn)
 x - a +0 robe
Magical devices
 A - a wand of frost (11) {unknown}
Comestibles
 a - 3 meat rations
 c - 2 apples
 k - a royal jelly
 o - a choko
 r - a grape
Scrolls
 p - 4 scrolls of teleportation
 s - a scroll of curse weapon
 v - a scroll of enchant weapon II
 w - a scroll of fear
Jewellery
 i - a ring of regeneration (right hand)
 m - an uncursed amulet of the gourmand
 q - a ring of sustenance (left hand)
 t - an uncursed amulet of the gourmand
 u - an amulet of faith (around neck)
 B - an uncursed ring of sustain abilities {unknown}
Potions
 d - a potion of speed {unknown}
 f - a potion of agility {unknown}
 h - a potion of magic {unknown}
 j - a potion of levitation {unknown}
 l - a potion of heal wounds {unknown}
 n - 2 potions of healing {unknown}
 z - a potion of cure mutation {unknown} You had 2 experience left.


   Skills:
 + Level 4 Fighting
 + Level 1 Short Blades
 + Level 5 Dodging
 + Level 8 Unarmed Combat


You had 7 spell levels left.
You didn't know any spells.

Dungeon Overview and Level Annotations

Branches:
Dungeon (6/27)                Orc (1/4) D:6
 Temple: D:4-7

Altars:
Okawaru


Innate Abilities, Weirdness & Mutations

You are too large for most types of armour.
You have claws for hands.
Your metabolism is lightning-fast.
You like to eat raw meat.
You heal very quickly.
You can eat rotten meat.
You are covered in fur (AC +1).
You have very tough skin (AC +2).


Message History

You are exhausted.
You are feeling very hungry.
You hit the goblin. You claw the goblin.
You kill the goblin!
Trog accepts your kill.
The orc warrior hits you with an orcish war axe!
You die...

............(......# ##
###..................
..####.....####...........
#.#.....8.....#.....####.#
#.#...........#...|.# #.#
#.###........(..........#
#.#
.......8...[>o...8......#
#.#
.#....(....o)....[.....#
#.# #...#.((^..@....#....##
#.# ###
#..(..8.....#....#####)#
...####...%.####....((..)..
##......)#####.....#####.#
..........))[)......# #.#
.##.###########.....# #.. #
#....###))########..
#......).)..........
#....###..########..


You could see an orc warrior and an orc.

Vanquished Creatures
  4 orc warriors
  An ogre (D:5)
  A phantom (D:4)
  A centaur (D:6)
  3 imps (D:6)
  2 hounds
  3 orc priests
  A giant beetle (D:6)
  The ghost of Gub the Magician, a weakling DEWz (D:4)
  An iguana (D:5)
  2 orc wizards (D:6)
  2 giant ants
  8 gnolls
  7 snakes
  3 giant geckos
  An ooze (D:2)
  8 giant bats
  9 giant cockroaches
  11 goblins
  18 hobgoblins
  4 jackals
  11 kobolds
  28 orcs
  3 quokkas
  6 giant newts
  9 rats
148 creatures vanquished.

Vanquished Creatures (others)
  2 hobgoblins
  An orc (D:4)
  A kobold (D:2)
4 creatures vanquished.

Grand Total: 152 creatures vanquished

Notes
Turn   | Place    | Note
--------------------------------------------------------------
     0 | D:1      | schnippi, the Troll Berserker, began the quest for the Orb.
     0 | D:1      | Reached XP level 1. HP: 18/18 MP: 0/0
   326 | D:1      | Reached XP level 2. HP: 25/25 MP: 0/0
   526 | D:1      | Reached skill 1 in Short Blades
   533 | D:1      | Acquired Trog's second power
  1163 | D:2      | Reached XP level 3. HP: 30/33 MP: 1/1
  1520 | D:2      | Reached XP level 4. HP: 21/40 MP: 1/1
  1544 | D:2      | Reached skill 4 in Unarmed Combat
  2241 | D:3      | Reached XP level 5. HP: 43/48 MP: 1/1
  2332 | D:3      | Reached skill 5 in Unarmed Combat
  2913 | D:4      | Reached XP level 6. HP: 52/56 MP: 2/2
  2958 | D:4      | Noticed Gub's ghost
  2976 | D:4      | Defeated Gub's ghost
  3099 | D:4      | Acquired Trog's third power
  3103 | D:4      | Reached skill 6 in Unarmed Combat
  3382 | D:5      | Entered Level 5 of the Dungeon
  3387 | D:5      | Reached XP level 7. HP: 40/64 MP: 2/2
  3716 | D:6      | Reached skill 7 in Unarmed Combat
  3851 | D:6      | Found an iron altar of Okawaru.
  3964 | D:6      | Found a staircase to the Orcish Mines.
  4137 | D:6      | Reached XP level 8. HP: 22/71 MP: 2/2
  4205 | Orc:1    | Entered Level 1 of the Orcish Mines
  4277 | D:6      | Reached skill 8 in Unarmed Combat
  4366 | D:6      | Reached skill 5 in Dodging
  4430 | D:6      | Slain by an orc warrior
